 Dungeon Crawl Stone Soup version 0.17.1-3-g152610e (webtiles) character file.

98 Jerry the Ducker (level 4, -3/31 HPs)
             Began as an Octopode Fighter on Mar 3, 2016.
             Slain by a river rat (10 damage)
             ... on level 3 of the Dungeon.
             The game lasted 00:06:31 (1814 turns).

Jerry the Ducker (Octopode Fighter)                 Turns: 1814, Time: 00:06:39

Health: -3/31      AC:  1    Str: 15    XL:     4   Next: 69%
Magic:  4/4        EV: 11    Int: 10    God:
Gold:   84         SH:  9    Dex: 12    Spells: 0 memorised, 3 levels left

rFire  . . .     SeeInvis .     q - +2 dagger (speed)
rCold  . . .     Clarity  +     b - +0 shield
rNeg   . . .     SustAt   .     (helmet restricted)
rPois  .         Gourm    .     l - amulet of clarity
rElec  .         Spirit   .     (no ring)
rCorr  .         Warding  .     (no ring)
rMut   .         Stasis   .     (no ring)
MR     .....                    (no ring)
Stlth  ++++......               (no ring)
                                (no ring)
                                (no ring)
                                (no ring)

@: not resistant to hostile enchantments, stealthy
A: almost no armour, amphibious, 8 rings, constrict 8, camouflage 1, gelatinous
body 1
a: no special abilities


You were on level 3 of the Dungeon.
You were not hungry.

You visited 1 branch of the dungeon, and saw 3 of its levels.

You collected 84 gold pieces.

Inventory:

Hand Weapons
 a - a +0 long sword
 q - a +2 dagger of speed (weapon)
Missiles
 m - 78 stones (quivered)
Armour
 b - a +0 shield (worn)
Jewellery
 l - an amulet of clarity (around mantle)
Scrolls
 g - 2 scrolls of teleportation {unknown}
 h - 2 scrolls of fear {unknown}
 k - a scroll of noise {unknown}
 n - a scroll of remove curse {unknown}
 o - 2 scrolls of enchant armour {unknown}
Potions
 c - 2 potions of might
 e - 2 potions of curing {unknown}
Comestibles
 d - 3 bread rations
 f - 2 meat rations
 i - 2 beef jerkies
 j - a slice of pizza


   Skills:
 + Level 3.5 Fighting
 + Level 0.2(1.6) Short Blades
 - Level 2.6(2.7) Long Blades
 + Level 3.6 Dodging
 + Level 2.6 Stealth
 + Level 3.4 Shields


You had 3 spell levels left.
You didn't know any spells.

Dungeon Overview and Level Annotations

Branches:
Dungeon (3/15)

Altars:
Ashenzari
Elyvilon
Gozag
Vehumet
Xom
Yredelemnul

Shops:
D:2 *

Portals:
Sewer: D:3


Innate Abilities, Weirdness & Mutations

You cannot wear most types of armour.
You are amphibious.
You can wear up to eight rings at the same time.
You can use your tentacles to constrict eight enemies at once.
Your skin changes colour to match your surroundings (Stealth).
Your rubbery body absorbs attacks (AC +1).


Message History

You hit the river rat. You grab the river rat.
The river rat is lightly wounded.
You constrict the river rat. You hit the river rat.
The river rat is severely wounded.
You constrict the river rat, but do no damage.
The river rat bites you.
You hit the river rat but do no damage.
You squeeze the river rat, but do no damage.
The river rat is severely wounded.
You constrict the river rat. You block the rat's attack.
The river rat bites you!
* * * LOW HITPOINT WARNING * * *
You hit the river rat.
The river rat is almost dead.
You constrict the river rat, but do no damage.
The rat bites you.
* * * LOW HITPOINT WARNING * * *
The river rat bites you!
You die...

##### #########
##.....##......#####
.......##..........#
##.##..##..#####'#.#
##..........#≈≈≈@≈#
............#≈≈rr≈#.#
#..##......#≈≈≈≈≈#.#
##.<##......#r≈≈≈≈#.#
.>.†.)......####### #
##.#####.#........ #.
#.#....#### #.
#+#.#### #. ..#


You could see 2 river rats and a rat.

Vanquished Creatures
  An orc wizard (D:3)
  A river rat (D:3)
  2 worms
  4 orcs (D:3)
  5 hobgoblins
  6 jackals
  3 kobolds
  A ball python (D:3)
  9 bats
  3 giant cockroaches
  3 giant geckos
  4 giant newts
  7 goblins
  4 rats
53 creatures vanquished.

Notes
Turn   | Place    | Note
--------------------------------------------------------------
     0 | D:1      | Jerry the Octopode Fighter began the quest for the Orb.
     0 | D:1      | Reached XP level 1. HP: 16/16 MP: 1/1
   127 | D:1      | Reached skill level 1 in Stealth
   141 | D:1      | Reached XP level 2. HP: 21/21 MP: 2/2
   200 | D:1      | Found a shimmering altar of Xom.
   724 | D:2      | Reached XP level 3. HP: 26/26 MP: 3/3
   778 | D:2      | Found an opulent altar of Gozag.
   780 | D:2      | Found Gozag's Platinum Reserve.
  1284 | D:2      | Found a radiant altar of Vehumet.
  1286 | D:2      | Found a shattered altar of Ashenzari.
  1357 | D:2      | Found a white marble altar of Elyvilon.
  1408 | D:2      | Found a basalt altar of Yredelemnul.
  1640 | D:3      | Reached XP level 4. HP: 11/31 MP: 4/4
  1800 | D:3      | Found a glowing drain.
  1814 | D:3      | Slain by a river rat

Action                   |  1- 3 |  4- 6 || total
-------------------------+-------+-------++-------
Melee: Long sword        |    72 |     3 ||    75
       Dagger            |       |    15 ||    15
 Stab: Sleeping          |    11 |       ||    11
  Eat: Chunk             |     2 |     1 ||     3
